 Dungeon Crawl Stone Soup version 0.18.1-48-g4cf74bf (webtiles) character file.

98 GFox the Skirmisher (level 4, -7/35 HPs)
             Began as a Demonspawn Fighter on Sept 11, 2016.
             Killed by divine providence
             ... invoked by an orc priest
              (11 damage)
             ... on level 3 of the Dungeon.
             The game lasted 00:09:55 (1836 turns).

GFox the Skirmisher (Demonspawn Fighter)            Turns: 1836, Time: 00:09:56

Health: -7/35      AC:  6    Str: 18    XL:     4   Next: 44%
Magic:  4/4        EV:  7    Int:  9    God:
Gold:   65         SH:  9    Dex: 12    Spells: 0 memorised, 3 levels left

rFire  . . .     SeeInvis .     a - +0 war axe
rCold  . . .     Gourm    .     b - +0 scale mail
rNeg   . . .     Faith    .     c - +0 shield
rPois  .         Spirit   .     (no helmet)
rElec  .         Dismiss  .     (no cloak)
rCorr  .         Reflect  .     (no gloves)
SustAt .         Harm     .     (no boots)
MR     .....                    (no amulet)
Stlth  ..........               (no ring)
                                (no ring)

@: lethally poisoned (-7 -> -12), not resistant to hostile enchantments,
extremely unstealthy
A: claws 1, spiny 1
a: no special abilities


You were on level 3 of the Dungeon.
You were not hungry.

You visited 1 branch of the dungeon, and saw 3 of its levels.

You collected 65 gold pieces.

Inventory:

Hand Weapons
 a - a +0 war axe (weapon)
Armour
 b - a +0 scale mail (worn)
 c - a +0 shield (worn)
Jewellery
 n - an uncursed ring of protection from cold {unknown}
Scrolls
 h - 4 scrolls of identify {unknown}
 m - 2 scrolls of noise {unknown}
 o - a scroll of amnesia {unknown}
 p - a scroll of fear {unknown}
 s - 3 scrolls of remove curse {unknown}
 t - 2 scrolls of enchant armour {unknown}
 u - a scroll of teleportation {unknown}
Potions
 d - a potion of might
 e - a potion of invisibility {unknown}
 g - a potion of cure mutation {unknown}
 i - 3 potions of curing {unknown}
 l - a potion of agility {unknown}
 r - a potion of degeneration {unknown}
Comestibles
 f - a bread ration
 j - a meat ration
 k - 5 chunks of flesh
 q - 3 beef jerkies


   Skills:
 + Level 3.5 Fighting
 + Level 2.3 Axes
 + Level 3.5 Armour
 + Level 0.8 Dodging
 + Level 0.2 Stealth
 + Level 3.1 Shields


You had 3 spell levels left.
You didn't know any spells.

Dungeon Overview and Level Annotations

Branches:
Dungeon (3/15)

Altars:
The Shining One


Innate Abilities, Weirdness & Mutations

You have sharp fingernails.
You are partially covered in sharp spines.


Message History

The orc priest miscasts a cantrip.
Your shield and scale mail prevent you from hitting the ogre.
The ogre is severely wounded.
You miss something.
You feel sick. The ogre hits you with a giant club!!
Ouch! That really hurt!
* * * LOW HITPOINT WARNING * * *
You hear some strange, mumbled words.
Something tries to affect you, but you resist.
Something hits you but does no damage.
* * * LOW HITPOINT WARNING * * *
You feel sick.
You barely miss the ogre.
The ogre is severely wounded.
* * * LOW HITPOINT WARNING * * *
You feel sick. The ogre is struck by your spines.
The ogre hits you with a giant club.
* * * LOW HITPOINT WARNING * * *
The orc priest mumbles some strange prayers to Beogh against you.
Beogh smites you!
You die...

#####.####
#......####
#.........######
#.....##........
#........##....#
#.....#### #...
#.......## ..
##.####.)### #.
##@O{#
###oo.....
.w..... #......
...... ......
..... .....


You could see an ogre, an orc priest, a dart slug and an orc.

Vanquished Creatures
  Jessica (D:2)
  4 adders (D:2)
  A worm (D:2)
  A dart slug (D:3)
  3 orcs (D:3)
  3 bats
  3 giant cockroaches
  6 goblins
  2 hobgoblins
  A kobold (D:2)
  A ball python (D:3)
  3 rats
29 creatures vanquished.

Notes
Turn   | Place    | Note
--------------------------------------------------------------
     0 | D:1      | GFox the Demonspawn Fighter began the quest for the Orb.
     0 | D:1      | Reached XP level 1. HP: 18/18 MP: 1/1
   176 | D:1      | Gained mutation: You have sharp fingernails. [demonic ancestry]
   176 | D:1      | Reached XP level 2. HP: 21/24 MP: 2/2
   688 | D:2      | Noticed Jessica
   699 | D:2      | Killed Jessica
   699 | D:2      | Reached XP level 3. HP: 27/29 MP: 3/3
   767 | D:2      | Found a glowing golden altar of the Shining One.
  1204 | D:2      | Gained mutation: You are partially covered in sharp spines. [demonic ancestry]
  1204 | D:2      | Reached XP level 4. HP: 17/35 MP: 4/4
  1826 | D:3      | Noticed an ogre
  1836 | D:3      | Killed from afar by an orc priest

Skill      XL: |  1  2 |
---------------+-------+-----
Axes           | 2 |  2.3
Armour         | 3 |  3.5
Shields        | 3 |  3.1
Fighting       | |  3.5
Dodging        | |  0.8
Stealth        | |  0.2

Action                   |  1- 3 |  4- 6 || total
-------------------------+-------+-------++-------
Melee: War axe           |    71 |    16 ||    87
  Eat: Chunk             |     1 |     2 ||     3
Armor: Scale mail        |    28 |     4 ||    32
Dodge: Dodged            |    17 |     2 ||    19
Block: Shield            |    42 |    13 ||    55
